 Dungeon Crawl Stone Soup version 0.19.4-8-ga85b6b9 (webtiles) character file.

5698 LORDOFBUTT the Cleaver (level 11, -1/92 HPs)
             Began as a Formicid Fighter on Feb 11, 2017.
             Was an Initiate of Gozag.
             Slain by a wraith (9 damage)
             ... on level 9 of the Dungeon.
             The game lasted 00:12:11 (6875 turns).

LORDOFBUTT the Cleaver (Formicid Fighter)           Turns: 6875, Time: 00:12:12

Health: -1/92      AC: 11    Str: 29    XL:     11   Next: 4%
Magic:  9/9        EV: 20    Int:  8    God:    Gozag
Gold:   423        SH:  7    Dex: 17    Spells: 0 memorised, 10 levels left

rFire  + . .     SeeInvis +     a - +4 war axe
rCold  + . .     Gourm    .     b - +0 scale mail
rNeg   . . .     Faith    .     d - +2 buckler
rPois  +         Spirit   .     (helmet unavailable)
rElec  +         Reflect  .     D - +0 cloak
rCorr  +         Harm     .     (no gloves)
MR     +....                    y - +0 pair of boots
Stlth  +.........               (no amulet)
                                w - +5 ring of evasion
                                i - +4 ring of slaying

@: mighty, agile, resistant, very slightly contaminated
A: permanent stasis, dig shafts and tunnels, four strong arms, antennae 3,
iridescent scales 1, agile 1, low mp 1, sense surroundings 1
a: Dig, Shaft Self, Potion Petition, Call Merchant, Bribe Branch, Renounce
Religion


You were on level 9 of the Dungeon.
You worshipped Gozag.
Gozag was aware of your devotion.
You were not hungry.

You visited 2 branches of the dungeon, and saw 11 of its levels.

You collected 1237 gold pieces.
You spent 22 gold pieces at shops.
You paid 792 gold pieces to Gozag.

Inventory:

Hand Weapons
 a - a +4 war axe (weapon)
Armour
 b - a +0 scale mail (worn)
 d - a +2 buckler (worn)
 y - a +0 pair of boots (worn)
 D - a +0 cloak (worn)
Jewellery
 i - a +4 ring of slaying (left hand)
 w - a +5 ring of evasion (right hand)
 z - an uncursed amulet of faith {unknown}
 H - a +5 ring of strength {unknown}
Wands
 B - a wand of paralysis (9/24)
 F - a wand of teleportation (1/9)
Scrolls
 e - 9 scrolls of remove curse
 h - a scroll of fear
 p - a scroll of enchant armour {unknown}
 q - 2 scrolls of recharging {unknown}
 s - a scroll of fog {unknown}
 x - a scroll of holy word {unknown}
 E - a scroll of amnesia {unknown}
Potions
 k - 2 potions of cancellation
 l - a potion of brilliance
 m - a potion of flight
 r - a potion of ambrosia
 v - a potion of curing
 C - a potion of resistance
 G - a potion of berserk rage
Comestibles
 f - 6 bread rations
 g - 2 royal jellies
 o - 3 meat rations
 u - 3 beef jerkies
 A - 7 slices of pizza


   Skills:
 + Level 10.3 Fighting
 * Level 12.7 Axes
 - Level 3.2 Armour
 - Level 3.6 Shields


You had 10 spell levels left.
You didn't know any spells.

Dungeon Overview and Level Annotations

Branches:
Dungeon (10/15)            Temple (1/1) D:5            Lair (0/6) D:10
    Orc (0/2) D:10

Altars:
Ashenzari
Cheibriados
Dithmenos
Elyvilon
Fedhas
Gozag
Hepliaklqana
Kikubaaqudgha
Makhleb
Nemelex Xobeh
Okawaru
Qazlal
Ru
Sif Muna
Trog
Uskayaw
Vehumet
Xom
Yredelemnul
Zin
The Shining One

Shops:
D:8 :   D:9 ?


Innate Abilities, Weirdness & Mutations

You are under a permanent stasis effect.
You can dig through walls and to a lower floor.
Your four strong arms can wield two-handed weapons with a shield.
You have a pair of large antennae on your head. (SInv)
You are partially covered in iridescent scales. (AC +2)
You are agile. (Dex +2)
Your magical capacity is low. (-10% MP)
You passively map a small area around you.


Message History

The hill giant hits the plant with a giant club!
As you read the scroll of fear, it crumbles to dust.
You assume a fearsome visage.
The komodo dragon looks frightened!
The hill giant looks frightened!
The wraith is unaffected.
The wraith closely misses you.
You see here a giant club.
You flicker for a moment.
There is a stone staircase leading up here.
The wraith barely misses you.
You climb upwards.
There is a stone staircase leading down here.
You feel better. The wraith hits you.
* * * LOW HITPOINT WARNING * * *
The wraith drains your vigour!
Your stasis keeps you stable.
Okay, then.
You barely miss the wraith.
You flicker back into view.
The wraith hits you!
You die...
Your body crumbles into a pile of gold.

############ ######
#..........# #.....
#.....)....# #.....
#......)...# #.....
#∩....))...# #.....
#......[...# #.....
#.@W.......###.....
#............#.....
#..........#.'.....
#..........###.....
#..........# #.....
########.### ####.#
##........# #####..
#.........# #......
########
#.....:...####......


You could see a wraith.

Vanquished Creatures
  A hill giant (D:10)
  Pikel (D:8)
  The ghost of tself55 the Covert, a novice SpEn of Gozag (D:9)
  Maurice (D:8)
  A hornet (D:6)
  A yak (D:7)
  A wyvern (D:10)
  A human (D:7)
  3 hogs (D:7)
  Duvessa (D:7)
  A water moccasin (D:9)
  3 slaves (D:8)
  An ice beast (D:8)
  3 orc warriors
  A phantom (D:4)
  2 sky beasts
  An ogre (D:8)
  A centaur (D:5)
  The ghost of LORDOFBUTT the Sneak, an amateur SpEn of Gozag (D:3)
  3 bullfrogs
  A gnoll sergeant (D:6)
  Dowan (D:7)
  4 scorpions
  5 howler monkeys
  3 crimson imps
  4 hounds
  3 jellies
  An orc priest (D:3)
  2 orc wizards (D:6)
  2 centaur skeletons
  3 iguanas
  2 bullfrog skeletons
  10 worker ants
  A killer bee zombie (D:9)
  A hound zombie (D:9)
  2 hound skeletons (D:9)
  A worker ant zombie (D:9)
  7 adders
  14 gnolls
  2 shadow imps
  An adder zombie (D:5)
  An adder skeleton (D:9)
  2 worms (D:4)
  4 dart slugs
  5 leopard geckos
  14 orcs
  A ball python (D:3)
  7 bats
  10 giant cockroaches
  5 goblins
  4 hobgoblins
  11 jackals
  2 quokkas
  5 frilled lizards
  A jackal skeleton (D:9)
  9 kobolds
  8 rats
188 creatures vanquished.

Vanquished Creatures (others)
  A bullfrog skeleton (D:8)
  A plant (D:10)
2 creatures vanquished.

Grand Total: 190 creatures vanquished

Notes
Turn   | Place    | Note
-------+----------+-------------------------------------------
     0 | D:1      | LORDOFBUTT the Formicid Fighter began the quest for the Orb.
     0 | D:1      | Reached XP level 1. HP: 18/18 MP: 1/1
    18 | D:1      | Reached XP level 2. HP: 16/24 MP: 2/2
   162 | D:1      | Reached XP level 3. HP: 25/30 MP: 3/3
   243 | D:1      | Reached skill level 3 in Axes
   809 | D:2      | Reached XP level 4. HP: 36/37 MP: 4/4
  1232 | D:3      | Noticed LORDOFBUTT's ghost (amateur SpEn)
  1247 | D:3      | Killed LORDOFBUTT's ghost
  1247 | D:3      | Reached skill level 4 in Axes
  1247 | D:3      | Reached XP level 5. HP: 25/43 MP: 5/5
  1385 | D:3      | Found a deep blue altar of Sif Muna.
  1812 | D:4      | Reached XP level 6. HP: 37/50 MP: 6/6
  1819 | D:4      | Noticed a phantom
  1905 | D:4      | Reached skill level 5 in Axes
  1927 | D:4      | Killed a phantom
  1927 | D:4      | Reached skill level 5 in Fighting
  2680 | D:4      | Reached XP level 7. HP: 54/56 MP: 7/7
  3062 | D:3      | Reached skill level 6 in Axes
  3118 | D:5      | Entered Level 5 of the Dungeon
  3591 | D:5      | Reached skill level 7 in Axes
  3591 | D:5      | Reached XP level 8. HP: 64/64 MP: 8/8
  3595 | D:5      | Gained mutation: Your magical capacity is low. (-10% MP) [mutagenic meat]
  3596 | D:5      | Gained mutation: You are partially covered in iridescent scales. (AC +2) [mutagenic meat]
  3598 | D:5      | Gained mutation: You are agile. (Dex +2) [mutagenic meat]
  3599 | D:5      | Gained mutation: You passively map a small area around you. [mutagenic meat]
  3660 | D:5      | Found an ancient bone altar of Kikubaaqudgha.
  3660 | D:5      | Found a shadowy altar of Dithmenos.
  3702 | D:5      | Found a stormy altar of Qazlal.
  3825 | D:5      | Found a staircase to the Ecumenical Temple.
  4059 | Temple   | Entered the Ecumenical Temple
  4150 | Temple   | Became a worshipper of Gozag Ym Sagoz the Greedy
  4332 | D:6      | Noticed a hornet
  4346 | D:6      | Killed a hornet
  4346 | D:6      | Reached skill level 8 in Axes
  4472 | D:6      | Found a sacrificial altar of Ru.
  4670 | D:6      | Reached XP level 9. HP: 51/72 MP: 8/8
  4867 | D:6      | Reached skill level 9 in Axes
  5266 | D:7      | Noticed Dowan
  5267 | D:7      | Noticed Duvessa
  5271 | D:7      | Killed Dowan
  5280 | D:7      | Killed Duvessa
  5570 | D:7      | Reached skill level 10 in Axes
  5766 | D:8      | Reached XP level 10. HP: 64/82 MP: 9/9
  5848 | D:8      | Noticed Maurice
  5858 | D:8      | Noticed Pikel
  5869 | D:8      | Killed Pikel
  5869 | D:8      | Reached skill level 11 in Axes
  5889 | D:8      | Killed Maurice
  6075 | D:8      | Found Sithryan's Book Shoppe.
  6311 | D:9      | Found Midghes's Magic Scroll Shoppe.
  6316 | D:9      | Reached skill level 12 in Axes
  6318 | D:9      | Noticed tself55's ghost (novice SpEn)
  6335 | D:9      | Killed tself55's ghost
  6507 | D:9      | Reached skill level 10 in Fighting
  6799 | D:9      | Bought a scroll of identify for 22 gold pieces
  6812 | D:10     | Entered Level 10 of the Dungeon
  6816 | D:10     | Noticed a hill giant
  6825 | D:10     | Killed a hill giant
  6825 | D:10     | Reached XP level 11. HP: 50/92 MP: 9/9
  6843 | D:10     | Found a staircase to the Lair.
  6845 | D:10     | Noticed a hill giant
  6852 | D:10     | HP: 2/92 [hill giant/giant club (26)]
  6875 | D:9      | Slain by a wraith

Skill      XL: |  1  2  3  4  5  6  7  8  9 10 |
---------------+-------------------------------+-----
Axes           | 3 4 5 7 8 10 12 | 12.7
Fighting       | 4 5 6 7 8 10 | 10.3
Armour         | |  3.2
Shields        | |  3.6

Action                   |  1- 3 |  4- 6 |  7- 9 | 10-12 || total
-------------------------+-------+-------+-------+-------++-------
Melee: War axe           |   115 |   106 |   246 |   186 ||   653
Invok: Potion Petition   |       |       |     1 |     1 ||     2
  Use: Scroll            |     1 |     5 |     4 |    15 ||    25
       Potion            |       |     3 |     2 |     1 ||     6
 Stab: Distracted        |       |       |       |     1 ||     1
  Eat: Pizza             |       |     1 |     1 |       ||     2
       Bread ration      |       |     1 |     1 |       ||     2
       Fruit             |       |       |     3 |       ||     3
       Chunk             |       |       |     6 |       ||     6
       Beef jerky        |       |       |     1 |       ||     1
       Meat ration       |       |       |       |     1 ||     1
Armor: Scale mail        |    55 |    39 |    71 |    39 ||   204
Dodge: Dodged            |    29 |    34 |   141 |    77 ||   281
Block: Shield            |    80 |    44 |     3 |       ||   127
       Buckler           |       |       |    89 |    28 ||   117
